Map: Ascension to Aiur LE

Players

ZhuGeLiang

  • Race: Zerg Zerg
  • Spawn Location: 11:00

AdminC (Bioice) - Winner!

  • Race: Zerg Zerg
  • Spawn Location: 5:00

Event: WCS Montreal 2017

VOD

Have the link to the VOD?

Description

Time

  • Played on: Sept. 8, 2017, 3:26 p.m.
  • Length: 8:45

All games in this series

Show
View Real Time Build Order
Export as new Build Order

ZhuGeLiang Zerg 

Build Orders: Hatch First, Zergling Baneling 

Get SALT Encoding   

  12  0:01  Drone  
  13  0:12  Overlord  
  13  0:17  Drone  
  14  0:30  Drone x2  
  14  0:34  Drone  
  17  0:51  Hatchery  
  17  0:55  Drone  
  17  0:58  Drone  
  18  1:10  Extractor  
  17  1:13  Spawning Pool  
  17  1:17  Drone  
  17  1:19  Drone  
  18  1:29  Drone  
  19  1:38  Overlord  
  19  1:59  Queen  
  19  2:00  Zergling x4  
  23  2:03  Queen  
  23  2:04  Zergling x2  
  26  2:09  Metabolic Boost  
  26  2:11  Drone  
  26  2:14  Drone  
  28  2:21  Drone  
  29  2:26  Drone  
  30  2:33  Drone  
  31  2:43  Hatchery  
  30  2:48  Baneling Nest  
  30  2:50  Zergling x2  
  30  2:53  Zergling x2  
  30  2:55  Zergling x2  
  32  3:00  Overlord  
  32  3:05  Drone  
  33  3:08  Drone x2  
  35  3:13  Drone  
  37  3:20  Zergling x6  
  37  3:22  Zergling x2  
  40  3:27  Overlord  
  40  3:32  Drone x2  
  42  3:34  Baneling x2  
  42  3:36  Drone  
  43  3:45  Drone x3  
  43  3:46  Zergling x2  
  43  3:47  Zergling x2  
  48  3:52  Baneling x2  
  48  3:58  Drone x5  
  53  4:03  Queen  
  55  4:10  Zergling x6  
  55  4:14  Baneling x2  
  57  4:19  Overlord  
  49  4:32  Zergling x2  
  49  4:33  Zergling x12  
  53  4:47  Overlord  
  53  4:48  Zergling x6  
  53  4:52  Baneling x4  
  56  4:57  Queen  
  57  5:02  Overlord  
  57  5:04  Overlord  
  57  5:06  Baneling  
  57  5:11  Zergling x8  
  61  5:19  Drone  
  61  5:20  Drone x3, Evolution Chamber  
  62  5:27  Baneling  
  62  5:30  Drone x5  
  67  5:42  Zergling x2  
  67  5:43  Zergling x8  
  67  5:47  Queen  
  67  5:49  Zergling x4  
  73  5:50  Zergling x2  
  73  5:55  Zergling x4  
  73  5:56  Zergling x4  
  74  5:59  Zergling x2  
  71  6:05  Zergling x2, Roach Warren  
  58  6:13  Zergling x4  
  58  6:18  Zergling x4  
  58  6:19  Zergling x6  
  58  6:26  Baneling  
  33  6:36  Baneling  
  30  6:44  Baneling x2  
  24  6:52  Zergling x2  
  20  7:00  Zergling x2  
  9  7:25  Zergling x2  
  10  7:30  Baneling x2  
Show
View Real Time Build Order
Export as new Build Order

AdminC Zerg - Winner!

Build Orders: Hatch First, Zergling Baneling 

Get SALT Encoding   

  12  0:01  Drone  
  13  0:13  Overlord  
  13  0:18  Drone  
  14  0:33  Drone x2  
  16  0:49  Hatchery  
  15  0:51  Drone  
  15  0:55  Drone  
  17  0:59  Drone  
  18  1:06  Extractor  
  17  1:15  Spawning Pool  
  17  1:18  Drone  
  17  1:23  Drone  
  18  1:28  Drone  
  19  1:41  Overlord  
  19  2:01  Queen  
  19  2:02  Queen  
  19  2:03  Zergling x6  
  19  2:08  Metabolic Boost  
  26  2:12  Drone  
  26  2:15  Drone  
  28  2:22  Drone x2  
  30  2:39  Hatchery  
  29  2:45  Queen  
  29  2:50  Overlord  
  31  2:56  Baneling Nest  
  30  2:59  Drone  
  30  3:01  Drone  
  30  3:04  Drone  
  33  3:08  Drone  
  33  3:09  Drone  
  35  3:17  Overlord  
  35  3:19  Zergling x4  
  37  3:25  Zergling x2  
  37  3:26  Zergling x2  
  39  3:29  Overlord  
  39  3:31  Zergling x2  
  39  3:33  Zergling x2  
  41  3:38  Zergling x4  
  43  3:44  Zergling x2  
  43  3:45  Baneling x2  
  43  3:46  Zergling x2  
  43  3:47  Zergling x2  
  46  3:54  Baneling x2  
  46  3:55  Zergling x4  
  48  4:00  Baneling  
  48  4:14  Drone x6  
  53  4:21  Zergling x4  
  53  4:22  Baneling x2  
  53  4:23  Zergling x4  
  54  4:28  Zergling x2  
  51  4:38  Extractor  
  46  4:39  Roach Warren  
  46  4:43  Zergling x2  
  46  4:44  Zergling x10  
  49  4:51  Baneling x2  
  49  4:52  Zergling x6  
  52  4:57  Zergling x6  
  54  5:00  Baneling x2  
  54  5:04  Baneling  
  54  5:08  Zergling x4  
  54  5:09  Zergling x4  
  57  5:16  Zergling x2  
  57  5:19  Zergling x2  
  57  5:21  Baneling x3  
  58  5:28  Zergling x12  
  63  5:33  Baneling x2  
  61  5:47  Baneling x4  
  61  5:48  Zergling x10  
  63  5:53  Zergling x2  
  60  5:57  Zergling x6  
  60  5:58  Baneling x2  
  60  6:07  Zergling x2  
  60  6:08  Zergling x6  
  56  6:17  Zergling x2  
  56  6:18  Zergling x6  
  57  6:25  Zergling x4  
  46  6:31  Zergling x2  
Tags
 
Add a new tag
Caveats
  • Supply blocks, unpowered buildings, or Contaminate may cause inaccurate times.
  • Supply counts are checked every 10 seconds.